 Dungeon Crawl Stone Soup version 0.30-a0-782-ge64f9170bb (webtiles) character file.

Game seed: 10234841114214276020

46 mopl the Insei (level 3, -2/27 HPs)
             Began as a Djinni Transmuter on Mar 10, 2023.
             Slain by Robin
             ... wielding a +0 trident
              (3 damage)
             ... on level 2 of the Dungeon.
             The game lasted 00:01:43 (1979 turns).

mopl the Insei (Djinni Transmuter)                  Turns: 1979, Time: 00:01:44

Health: -2/27      AC:  2    Str: 11    XL:     3   Next: 92%
Gold:   83         EV: 19    Int: 14    God:
                   SH:  0    Dex: 18

rFire   . . .      SeeInvis +      - Unarmed
rCold   . . .      Faith    .    (shield currently unavailable)
rNeg    . . .      Spirit   .    (body armour currently unavailable)
rPois   ∞          Reflect  .    (helmet currently unavailable)
rElec   .          Harm     .    (cloak currently unavailable)
rCorr   .          Rampage  .    (gloves currently unavailable)
Will    .....                    (boots unavailable)
Stlth   ++                       (no amulet)
HPRegen 0.24/turn                s - ring of see invisible
MPRegen 0.00/turn                (no ring)

@: spider-form, flying
A: venomous fangs, flying, sickness immunity, tiny, (fire resistance 2), (cold
vulnerability 1), float, innate caster, HP casting, extra vitality 1
a: End Transformation


You were on level 2 of the Dungeon.
You were a venomous arachnid creature.
You visited 1 branch of the dungeon, and saw 2 of its levels.

You collected 83 gold pieces.

Inventory:

Missiles
 q - 5 javelins
Armour
 a - a +0 robe (melded)
Jewellery
 s - a ring of see invisible (left front pincers)
Scrolls
 c - a scroll of torment {unknown}
 g - a scroll of butterflies {unknown}
 h - 2 scrolls of teleportation {unknown}
 i - 3 scrolls of poison {unknown}
 j - 2 scrolls of immolation {unknown}
 k - a scroll of silence {unknown}
 m - a scroll of enchant weapon {unknown}
 n - a scroll of fog {unknown}
 o - a scroll of enchant armour {unknown}
 p - a scroll of identify {unknown}
 r - a scroll of amnesia {unknown}
Potions
 b - 2 potions of lignification {!q}
 d - a potion of invisibility {unknown}
 e - 2 potions of mutation {unknown}
 f - a potion of brilliance {unknown}
 l - a potion of curing {unknown}


   Skills:
 - Level 1.0 Fighting
 - Level 2.1 Dodging
 * Level 4.1 Unarmed Combat
 + Level 2.1 Spellcasting


You couldn't memorise any spells.
You knew the following spells:

 Your Spells              Type           Power      Damage    Failure   Level
a - Beastly Appendage     Tmut           14%        N/A       24%         1
b - Spider Form           Tmut/Pois      7%         N/A       52%         3
c - Summon Small Mammal   Summ           28%        N/A       24%         1
d - Ice Form              Ice/Tmut       7%         N/A       86%         4
w - Wereblood             Tmut           7%         N/A       34%         2
Your spell library was empty.

Dungeon Overview and Level Annotations

Branches:
Dungeon (2/15)

Altars:

Annotations:
D:2 Robin


Innate Abilities, Weirdness & Mutations

You are a venomous arachnid creature.
You have venomous fangs.
You are tiny and dextrous.
You are flying.
Your spellcasting is less reliable in this form.
Your armour is entirely melded.
You are incapable of wielding weapons or throwing items.
You are immune to sickness and miasma.
You are immune to poison.
((Your flesh is very heat resistant. (rF++)))
((You are vulnerable to cold. (rC-)))
You float through the air rather than walking.
You learn spells naturally, not from books.
Your magical power is your life essence.
You have superior vitality. (+4 MHP)


Message History

The goblin closely misses you.
You closely miss the hobgoblin. The hobgoblin completely misses you.
The goblin hits you with a +0 club.
You hit the hobgoblin. Your headbutt misses the hobgoblin.
The hobgoblin is moderately wounded.
Robin misses you. The hobgoblin hits you. The goblin barely misses you.
You are too injured to fight recklessly!
You are too injured to fight recklessly!
You are too injured to fight recklessly!
You are too injured to fight recklessly!
You are too injured to fight recklessly!
You are too injured to fight recklessly!
You are too injured to fight recklessly!
You are too injured to fight recklessly!
You are too injured to fight recklessly!
You are too injured to fight recklessly!
You are too injured to fight recklessly!
You are too injured to fight recklessly!
Casting: Beastly Appendage (safe; 10% risk of failure)
Confirm with . or Enter, or press ? or * to list all spells.
The spell is extremely dangerous to miscast (30% risk of failure)!
Continue anyway?
Your horns disappear.
You turn into a venomous arachnid creature.
Your +0 robe melds into your body.
* * * LOW HITPOINT WARNING * * *
Robin completely misses you. The hobgoblin hits you.
* * * LOW HITPOINT WARNING * * *
A hobgoblin comes into view.
The goblin barely misses you.
Okay, then.
The hobgoblin shouts!
You bite the goblin!
You kill the goblin!
Robin roars a battlecry!
The goblins go into a battle-frenzy!
The hobgoblin misses you.
You bite the hobgoblin!
You kill the hobgoblin!
Robin hits you from afar with a +0 trident.
You die...

##### ### .....
..#
################g#
...#..........##g#
##.##########.##g#
#............##g#
############..##?#
...........#..##s#
######.##..#..##)#
..............##.#
.......##......#.#
#.##.#.......#.#.#
#....#.#.....#.#.#
#.##.#.#.....#.#.#
#.##.#.#.....#.#.#
..##.#.##.#..#.#.#


You could see Robin, 2 hobgoblins and a goblin (strong).

Vanquished Creatures
  An adder (D:2)
  A worm (D:2)
  A dart slug (D:1)
  2 ball pythons (D:2)
  4 endoplasms (D:1)
  4 goblins (D:2)
  4 hobgoblins
  4 kobolds
  A quokka (D:1)
  4 bats
  2 frilled lizards (D:2)
  3 rats
31 creatures vanquished.

Notes
Turn   | Place    | Note
-------+----------+-------------------------------------------
     0 | D:1      | mopl the Djinni Transmuter began the quest for the Orb.
     0 | D:1      | mopl set off with the following spells memorised: Beastly
                  | Appendage, Wereblood, Spider Form, Ice Form.
     0 | D:1      | Reached XP level 1. HP: 17/17 MP: 0/0
   248 | D:1      | Reached XP level 2. HP: 22/22 MP: 0/0
   878 | D:2      | Reached XP level 3. HP: 16/27 MP: 0/0
   878 | D:2      | Learned a level 1 spell: Summon Small Mammal
  1066 | D:2      | Reached skill level 2 in Spellcasting
  1252 | D:2      | Reached skill level 4 in Unarmed Combat
  1968 | D:2      | Noticed Robin
  1977 | D:2      | HP: 1/27 [hobgoblin[Robin] (5)]
  1979 | D:2      | Slain by Robin

Illustrated notes

Levels and vault maps discovered:
D:1:      wander_arrival_chamber, layout_loops_ring
D:2:      layout_basic, uniq_robin

Skill      XL: |  1  2  3 |
---------------+----------+-----
Spellcasting   | 2 |  2.1
Unarmed Combat | 4 |  4.1
Fighting       | |  1.0
Dodging        | |  2.1

Action                     || total
---------------------------++-------
  Melee: Unarmed           ||   133
         Headbutt          ||    10
   Cast: Beastly Appendage ||    26
         Spider Form       ||     1
   Stab: Sleeping          ||     1
 Armour: Robe              ||    20
  Dodge: Dodged            ||    84

Table legend: (Time is in decaauts)
 A = Elapsed time spent in this place.
 B = Non-inter-level travel time spent in this place.
 C = Inter-level travel time spent in this place.
 D = Time resting spent in this place.
 E = Time spent auto-exploring this place.
 F = Levels seen in this place.
 G = Mean time per level.
                   A        B        C        D        E       F      G
               +--------+--------+--------+--------+--------+-----+--------+
         Total |   1969 |   1922 |     47 |    211 |   1416 |   2 |  984.5 |
       Dungeon |   1969 |   1922 |     47 |    211 |   1416 |   2 |  984.5 |
               +--------+--------+--------+--------+--------+-----+--------+

Top non-repeatable levels by time:
     D:2: 1152 daAuts
     D:1: 817 daAuts
